 Dungeon Crawl Stone Soup version 0.16.2-3-ga078185 (webtiles) character file.

545 gorblad the Stinger (level 7, -9/33 HPs)
             Began as a Spriggan Venom Mage on Sept 8, 2015.
             Was an Initiate of Fedhas.
             Killed by nerve-wracking pain
             ... invoked by Menkaure
              (13 damage)
             ... on level 5 of the Dungeon.
             The game lasted 00:26:56 (4438 turns).

gorblad the Stinger (Spriggan Venom Mage)           Turns: 4438, Time: 00:26:56

Health: -9/33      AC:  5    Str:  4    XL:     7   Next: 6%
Magic:  23/23      EV: 19    Int: 19    God:    Fedhas [......]
Gold:   292        SH:  0    Dex: 16    Spells: 3 memorised, 10 levels left

rFire  . . .     SeeInvis +     z - +2 falchion (holy)
rCold  . . .     Clarity  .     e - +0 robe
rNeg   . . .     SustAb   .     (shield restricted)
rPois  .         Gourm    .     h - +2 hat
rElec  .         Spirit   .     d - +0 cloak
rCorr  .         Warding  .     (gloves unavailable)
rMut   .         Stasis   .     (boots unavailable)
MR     +....                    (no amulet)
Stlth  +++.......               (no ring)
                                w - ring of wizardry

@: very quick, somewhat resistant to hostile enchantments, fairly stealthy
A: unfitting armour, see invisible, herbivore 3, speed 3, slow metabolism 2
a: Renounce Religion


You were on level 5 of the Dungeon.
You worshipped Fedhas.
Fedhas was noncommittal.
You were full.

You visited 1 branch of the dungeon, and saw 6 of its levels.

You collected 292 gold pieces.

Inventory:

Hand weapons
 j - a +0 short sword
 z - a +2 falchion of holy wrath (weapon)
Missiles
 k - 19 stones (quivered)
 s - 8 tomahawks
Armour
 a - a +0 robe
 d - a +0 cloak (worn)
 e - a +0 robe (worn)
 g - a +0 pair of boots
 h - a +2 hat (worn)
Jewellery
 u - a cursed ring of teleportation
 w - a ring of wizardry (left hand)
Scrolls
 f - 3 scrolls of remove curse
 m - a scroll of teleportation
 n - a scroll of fear
 x - a scroll of magic mapping
 y - a scroll of recharging
Potions
 i - a potion of might {unknown}
 l - a potion of restore abilities {unknown}
 o - a potion of magic {unknown}
 p - a potion of heal wounds {unknown}
 q - a potion of agility {unknown}
 r - a potion of curing
 B - a potion of haste {unknown}
Books
 b - a Young Poisoner's Handbook

   Spells                             Type                      Level
   a - Sting                          Conjuration/Poison           1
   b - Cure Poison                    Poison                       2
   c - Mephitic Cloud                 Conjuration/Poison/Air       3
   d - Olgreb's Toxic Radiance        Poison                       4
   e - Venom Bolt                     Conjuration/Poison           5
 t - a book of Hinderance

   Spells                             Type                      Level
   a - Confusing Touch                Hexes                        2
   b - Confuse                        Hexes                        3
   c - Petrify                        Transmutation/Earth          4
   d - Metabolic Englaciation         Hexes/Ice                    5
   e - Gell's Gravitas                Hexes/Translocation          5
   f - Summon Mana Viper              Hexes/Summoning              5
 A - a book of Beasts

   Spells                             Type                      Level
   a - Summon Butterflies             Summoning                    1
   b - Call Canine Familiar           Summoning                    3
   c - Summon Ice Beast               Ice/Summoning                4
   d - Summon Mana Viper              Hexes/Summoning              5
   e - Monstrous Menagerie            Summoning                    6
   f - Summon Hydra                   Summoning                    7
Comestibles
 c - a bread ration
 v - a royal jelly
 C - 3 fruits


   Skills:
 + Level 1.2 Fighting
 + Level 0.4(0.5) Short Blades
 + Level 0.1(0.2) Long Blades
 + Level 4.3 Dodging
 + Level 3.3 Stealth
 + Level 0.2 Unarmed Combat
 + Level 5.3 Spellcasting
 + Level 2.3 Conjurations
 + Level 0.6 Air Magic
 + Level 5.6 Poison Magic


You had 10 spell levels left.
You knew the following spells:

 Your Spells              Type           Power        Failure   Level  Hunger
a - Sting                 Conj/Pois      ###.         1%          1    None
b - Cure Poison           Pois           ####......   1%          2    None
c - Mephitic Cloud        Conj/Pois/Air  ###.....     4%          3    ##.....


Dungeon Overview and Level Annotations

Branches:
Dungeon (6/15)
 Temple: D:4-7

Altars:
Ashenzari
Fedhas
Kikubaaqudgha
Makhleb
Ru
Zin

Annotations:
D:5 Menkaure


Innate Abilities, Weirdness & Mutations

You are tiny and cannot use many weapons and most armour.
You have supernaturally acute eyesight.
You are a herbivore.
You cover ground extremely quickly.
You need consume almost no food.


Message History

There is a stone staircase leading down here.
Menkaure misses you.
Menkaure calls on the powers of darkness!
Your body is wracked with pain!
* * * LOW HITPOINT WARNING * * *
You climb downwards.
A goblin comes into view. It is wielding a dagger.
The goblin shouts!
There is a stone staircase leading up here.
Menkaure closely misses you.
You climb upwards.
There is a stone staircase leading down here.
Menkaure calls on the powers of darkness!
Your body is wracked with pain!
* * * LOW HITPOINT WARNING * * *
Menkaure grins.
Menkaure points at you and mumbles some strange words.
Pain shoots through your body!
You die...
Fedhas appreciates your contribution to the ecosystem.

#......# #..........
#......# ###########
#......# #.#....#
#.#..### #.#..##
#.#...# #.#...##
#M#.@..#####
#######.#........#
#.......#........#
...........#........#
..#.......#.%M.....#
#########........#
#...........>###
#r##........##
#.##........#


You could see Menkaure.

Vanquished Creatures
  Eustachio (D:4)
  An ogre (D:4)
  2 giant frogs (D:4)
  A hound (D:4)
  An iguana (D:4)
  Terence (D:3)
  5 adders
  An adder skeleton (D:4)
  3 giant geckos
  5 orcs
  9 bats
  9 hobgoblins
  5 jackals
  9 kobolds
  A quokka (D:4)
  A ball python (D:2)
  4 giant cockroaches
  4 giant newts
  11 goblins
  A quokka skeleton (D:4)
  4 rats
79 creatures vanquished.

Vanquished Creatures (others)
  A toadstool (D:4)
1 creature vanquished.

Grand Total: 80 creatures vanquished

Notes
Turn   | Place    | Note
--------------------------------------------------------------
     0 | D:1      | gorblad, the Spriggan Venom Mage, began the quest for the Orb.
     0 | D:1      | Reached XP level 1. HP: 9/9 MP: 4/4
   236 | D:1      | Reached XP level 2. HP: 13/13 MP: 0/7
   985 | D:1      | Reached XP level 3. HP: 16/16 MP: 8/11
  1822 | D:3      | Reached XP level 4. HP: 21/21 MP: 11/13
  1913 | D:3      | Reached skill level 1 in Conjurations
  1931 | D:3      | Found an ancient bone altar of Kikubaaqudgha.
  1980 | D:3      | Found a sacrificial altar of Ru.
  2150 | D:3      | Learned a level 2 spell: Cure Poison
  2154 | D:3      | Learned a level 3 spell: Mephitic Cloud
  2190 | D:3      | Noticed Terence
  2199 | D:3      | Killed Terence
  2462 | D:3      | Found a burning altar of Makhleb.
  2721 | D:3      | Found a blossoming altar of Fedhas.
  2729 | D:3      | Became a worshipper of Fedhas Madash
  2788 | D:4      | Found a shattered altar of Ashenzari.
  2925 | D:4      | Noticed an ogre
  2946 | D:4      | Reached skill level 5 in Poison Magic
  3010 | D:4      | Killed an ogre
  3010 | D:4      | Reached XP level 5. HP: 9/25 MP: 12/18
  3394 | D:4      | Noticed Eustachio
  3434 | D:4      | Killed Eustachio
  3434 | D:4      | Reached skill level 1 in Fighting
  3434 | D:4      | Reached XP level 6. HP: 30/30 MP: 4/20
  3552 | D:4      | Noticed a giant frog
  3563 | D:4      | Killed a giant frog
  3563 | D:4      | Reached skill level 5 in Spellcasting
  3886 | D:4      | Reached XP level 7. HP: 33/33 MP: 17/22
  3977 | D:4      | Found a glowing silver altar of Zin.
  3978 | D:4      | Noticed an angel
  4234 | D:5      | Entered Level 5 of the Dungeon
  4375 | D:5      | Noticed Menkaure
  4438 | D:5      | Killed from afar by Menkaure

Action                   |  1- 3 |  4- 6 |  7- 9 || total
-------------------------+-------+-------+-------++-------
Melee: Unarmed           |    10 |       |       ||    10
       Short sword       |     1 |    13 |       ||    14
       Falchion          |       |    15 |     2 ||    17
 Cast: Sting             |    96 |    87 |     6 ||   189
       Mephitic Cloud    |       |     2 |     1 ||     3
  Use: Scroll            |     1 |     8 |     4 ||    13
  Eat: Bread ration      |       |       |     1 ||     1
